 Dungeon Crawl Stone Soup version 0.22-a0-512-g0943f25562 (webtiles) character file.

65 D1HalberdGnoll the Charlatan (level 4, -8/34 HPs)
             Began as a Gnoll Artificer on June 18, 2018.
             Killed themself with a badly aimed fireball (20 damage)
             ... on level 1 of the Dungeon.
             The game lasted 00:01:56 (1533 turns).

D1HalberdGnoll the Charlatan (Gnoll Artificer)      Turns: 1533, Time: 00:01:57

Health: -8/34      AC:  7    Str: 14    XL:     4   Next: 14%
Magic:  8/8        EV: 11    Int: 14    God:
Gold:   48         SH:  0    Dex: 16    Spells: 5/5 levels left

rFire    . . .     SeeInvis .   a - +0 short sword
rCold    . . .     Gourm    .   (no shield)
rNeg     . . .     Faith    .   p - +0 scale mail (curse)
rPois    .         Spirit   .   s - +0 helmet
rElec    .         Reflect  .   (no cloak)
rCorr    .         Harm     .   (no gloves)
MR       .....                  (no boots)
Stlth    +.........             (no amulet)
HPRegen  0.11/turn              (no ring)
MPRegen  0.11/turn              (no ring)

@: no status effects
A: distributed training, fangs 1, strong nose
a: no special abilities


You were on level 1 of the Dungeon.
You were not hungry.

You visited 1 branch of the dungeon, and saw 2 of its levels.

You collected 48 gold pieces.

Inventory:

Hand Weapons
 a - a +0 short sword (weapon)
 b - a +0 hunting sling
Missiles
 q - 8 stones (quivered)
 r - 20 sling bullets
Armour
 p - a cursed +0 scale mail (worn)
 s - a +0 helmet (worn)
Jewellery
 o - an uncursed ring of fire {unknown}
Wands
 c - a wand of flame (14)
 d - a wand of enslavement (15)
 e - a wand of random effects (15)
Scrolls
 g - 4 scrolls of identify {unknown}
 i - a scroll of fear {unknown}
 j - a scroll of remove curse {unknown}
 l - a scroll of teleportation {unknown}
 t - a scroll of enchant weapon {unknown}
Potions
 h - a potion of curing {unknown}
 k - a potion of flight {unknown}
 m - a potion of heal wounds {unknown}
 n - a potion of degeneration {unknown}
Comestibles
 f - a ration


   Skills:
 + Level 2.7 Fighting
 + Level 2.7 Short Blades
 + Level 1.0 Long Blades
 + Level 1.0 Axes
 + Level 1.0 Maces & Flails
 + Level 1.0 Polearms
 + Level 1.0 Staves
 + Level 1.0 Slings
 + Level 1.0 Bows
 + Level 1.0 Crossbows
 + Level 1.0 Throwing
 + Level 1.0 Armour
 + Level 4.6 Dodging
 + Level 2.5 Stealth
 + Level 1.0 Shields
 + Level 1.0 Unarmed Combat
 + Level 1.0 Spellcasting
 + Level 0.7 Conjurations
 + Level 0.7 Hexes
 + Level 0.7 Charms
 + Level 0.7 Summonings
 + Level 0.7 Necromancy
 + Level 0.7 Translocations
 + Level 0.7 Transmutations
 + Level 0.7 Fire Magic
 + Level 0.7 Ice Magic
 + Level 0.7 Air Magic
 + Level 0.7 Earth Magic
 + Level 0.7 Poison Magic
 + Level 1.1 Invocations
 + Level 6.5 Evocations


You had 5 spell levels left.
You didn't know any spells.
Your spell library was empty.

Dungeon Overview and Level Annotations

Branches:
Dungeon (2/15)

Altars:


Innate Abilities, Weirdness & Mutations

Your experience applies equally to all skills.
You have very sharp teeth.
Your uncanny sense of smell can sniff out nearby items.


Message History

The fireball explodes!
The fireball engulfs Natasha.
You kill Natasha!
Natasha screams in pain as she dies!
Your Long Blades skill increases to level 1!
Your Axes skill increases to level 1!
Your Maces & Flails skill increases to level 1!
Your Polearms skill increases to level 1!
Your Staves skill increases to level 1!
Your Slings skill increases to level 1!
Your Bows skill increases to level 1!
Your Crossbows skill increases to level 1!
Your Throwing skill increases to level 1!
Your Armour skill increases to level 1!
Your Shields skill increases to level 1!
Your Unarmed Combat skill increases to level 1!
Your Spellcasting skill increases to level 1!
You have reached level 4!
You feel clever. The fireball engulfs you!
Ouch! That really hurt!
You die...

≈P..8..P≈≈##..##.#....##.#.......
≈.......≈≈≈##.##.#######.#.......
.8..<..8.P≈##..#.# #.........
≈.......≈≈≈###.#.# ##########
≈P..8..P≈≈####...#
≈≈≈.P.≈≈≈##.###..# #≈≈≈≈≈≈≈##..#
#..# #########...####.# #
##......@# #......s# #.......#
#### #.......# ...#
#.......########## ...#
####.......[.....# ...#
#.............#
...##########.............#
............'.............#


You could see a giant cockroach.

Vanquished Creatures
  Natasha (D:1)
  2 dart slugs
  A leopard gecko (D:1)
  2 giant cockroaches (D:1)
  3 goblins (D:1)
  6 hobgoblins
  4 jackals (D:2)
  5 kobolds (D:1)
  A ball python (D:1)
  4 bats (D:1)
  A frilled lizard (D:1)
  4 rats
34 creatures vanquished.

Notes
Turn   | Place    | Note
-------+----------+-------------------------------------------
     0 | D:1      | D1HalberdGnoll the Gnoll Artificer began the quest for the Orb.
     0 | D:1      | Reached XP level 1. HP: 17/17 MP: 4/4
   157 | D:1      | Reached XP level 2. HP: 13/23 MP: 6/6
   643 | D:1      | Reached XP level 3. HP: 24/28 MP: 7/7
  1501 | D:2      | Noticed Natasha
  1513 | D:2      | Reached skill level 1 in Invocations
  1533 | D:1      | Killed Natasha
  1533 | D:1      | Reached skill level 1 in Long Blades
  1533 | D:1      | Reached skill level 1 in Axes
  1533 | D:1      | Reached skill level 1 in Maces & Flails
  1533 | D:1      | Reached skill level 1 in Polearms
  1533 | D:1      | Reached skill level 1 in Staves
  1533 | D:1      | Reached skill level 1 in Slings
  1533 | D:1      | Reached skill level 1 in Bows
  1533 | D:1      | Reached skill level 1 in Crossbows
  1533 | D:1      | Reached skill level 1 in Throwing
  1533 | D:1      | Reached skill level 1 in Armour
  1533 | D:1      | Reached skill level 1 in Shields
  1533 | D:1      | Reached skill level 1 in Unarmed Combat
  1533 | D:1      | Reached skill level 1 in Spellcasting
  1533 | D:1      | Reached XP level 4. HP: 12/34 MP: 8/8
  1533 | D:1      | Killed themself with a badly aimed fireball

Vault maps used:
D:1:      lightli_arrival_statuegarden, minmay_hedge_maze
D:2:      nicolae_dithmenos_shadow_blocks,
          chequers_temple_overflow_statue_of_worship,
          chequers_ecumenical_altar_island, serial_glass, glass_columns_c,
          glass_columns_c, glass_columns_a, glass_columns_c, glass_columns_c,
          glass_columns_b, uniq_natasha

Skill      XL: |  1  2  3 |
---------------+----------+-----
Invocations    | 1 |  1.1
Long Blades    | 1 |  1.0
Axes           | 1 |  1.0
Maces & Flails | 1 |  1.0
Polearms       | 1 |  1.0
Staves         | 1 |  1.0
Slings         | 1 |  1.0
Bows           | 1 |  1.0
Crossbows      | 1 |  1.0
Throwing       | 1 |  1.0
Armour         | 1 |  1.0
Shields        | 1 |  1.0
Unarmed Combat | 1 |  1.0
Spellcasting   | 1 |  1.0
Fighting       | |  2.7
Short Blades   | |  2.7
Dodging        | |  4.6
Stealth        | |  2.5
Conjurations   | |  0.7
Hexes          | |  0.7
Charms         | |  0.7
Summonings     | |  0.7
Necromancy     | |  0.7
Translocations | |  0.7
Transmutations | |  0.7
Fire Magic     | |  0.7
Ice Magic      | |  0.7
Air Magic      | |  0.7
Earth Magic    | |  0.7
Poison Magic   | |  0.7
Evocations     | |  6.5

Action                   |  1- 3 |  4- 6 || total
-------------------------+-------+-------++-------
Melee: Short sword       |    79 |       ||    79
       Bite              |     6 |       ||     6
 Fire: Hunting sling     |    34 |       ||    34
Evoke: Wand              |     1 |       ||     1
 Stab: Sleeping          |     1 |       ||     1
  Eat: Chunk             |     2 |       ||     2
Armor: Leather armour    |    12 |       ||    12
       Scale mail        |    20 |       ||    20
Dodge: Dodged            |    94 |       ||    94

Table legend:
 A = Spawn XP
 B = Non-spawn XP
 C = Spawn XP percentage of total XP
 D = Spawn monster count
 E = Non-spawn monster count
 F = Spawn count percentage of total count
 G = Total turns spent on level
                    A         B        C        D         E        F      G
               +---------+---------+-------+---------+---------+-------+---------
         Total |       0 |      94 |   0.0 |       0 |      34 |   0.0 |  1533
               +---------+---------+-------+---------+---------+-------+---------
           D:1 |       0 |      79 |   0.0 |       0 |      27 |   0.0 |  1367
           D:2 |       0 |      15 |   0.0 |       0 |       7 |   0.0 |   166
               +---------+---------+-------+---------+---------+-------+---------
